 Dungeon Crawl Stone Soup version 0.26-a0-52-gd53d4cd058 (webtiles) character file.

Game seed: 2562434123844366396

6309 Hasart the Destroyer (level 10, -1/56 HPs)
             Began as an Octopode Wizard on June 6, 2020.
             Was a Believer of Sif Muna.
             Slain by a warg (17 damage)
             ... on level 1 of the Orcish Mines.
             The game lasted 00:35:08 (15142 turns).

Hasart the Destroyer (Octopode Wizard)             Turns: 15142, Time: 00:35:09

Health: -1/56      AC:  1    Str:  5 (6)  XL:     10   Next: 95%
Magic:  6/18       EV: 18    Int: 30 (31) God:    Sif Muna [**....]
Gold:   484        SH:  0    Dex:  7 (10) Spells: 12/20 levels left

rFire    . . .     SeeInvis .   G - +4 morningstar
rCold    . . .     Gourm    .   (no shield)
rNeg     . . .     Faith    .   a - +0 hat
rPois    .         Spirit   .   s - amulet of regeneration
rElec    .         Reflect  .   f - ring of flight
rCorr    .         Harm     .   t - +6 ring of intelligence
MR       .....                  w - +4 ring of evasion
Stlth    +++.......             (no ring)
HPRegen  0.58/turn              (no ring)
MPRegen  0.16/turn              (no ring)
                                (no ring)
                                (no ring)

@: no status effects
A: almost no armour, stealthy swim, amphibious, 8 rings, constrict 8, camouflage
1, gelatinous body 1
a: Channel Magic, Renounce Religion, Evoke Flight


You were on level 1 of the Orcish Mines.
You worshipped Sif Muna.
Sif Muna was pleased with you.
You were not hungry.

You visited 3 branches of the dungeon, and saw 12 of its levels.

You collected 796 gold pieces.
You spent 312 gold pieces at shops.

Inventory:

Hand Weapons
 C - a +0 rapier of speed
 D - a +2 whip of freezing
 G - a +4 morningstar (weapon)
Armour
 a - a +0 hat (worn)
Jewellery
 f - a ring of flight (left tentacle)
 s - an amulet of regeneration (around mantle)
 t - a +6 ring of intelligence (right tentacle)
 w - a +4 ring of evasion (on tentacle)
 I - an uncursed ring of stealth {unknown}
Wands
 e - a wand of iceblast (20)
 g - a wand of polymorph (10)
 l - a wand of digging (3)
 B - a wand of acid (12)
Scrolls
 b - 4 scrolls of identify
 i - 3 scrolls of teleportation {unknown}
 m - 7 scrolls of remove curse
 o - 3 scrolls of noise {unknown}
 q - 4 scrolls of enchant weapon {unknown}
 r - 3 scrolls of fear {unknown}
 x - 2 scrolls of enchant armour {unknown}
 y - a scroll of blinking {unknown}
 E - a scroll of fog {unknown}
 H - a scroll of torment {unknown}
 J - a scroll of random uselessness {unknown}
 K - a scroll of silence {unknown}
Potions
 d - 2 potions of brilliance
 h - 3 potions of lignification
 j - a potion of might {unknown}
 k - 2 potions of haste {unknown}
 n - 2 potions of degeneration
 p - 3 potions of curing {unknown}
 u - a potion of cancellation {unknown}
 v - a potion of mutation {unknown}
 z - 2 potions of heal wounds {unknown}
 A - 2 potions of ambrosia
Comestibles
 c - 21 rations
 F - 3 chunks of flesh


   Skills:
 + Level 5.9 Dodging
 - Level 2.6 Stealth
 + Level 5.8 Spellcasting
 * Level 8.0 Conjurations
 - Level 5.0 Summonings
 - Level 5.0 Translocations
 - Level 5.0 Air Magic
 + Level 5.9 Poison Magic
 + Level 3.6 Invocations
 * Level 4.8 Evocations


You had 12 spell levels left.
You knew the following spells:

 Your Spells              Type           Power        Failure   Level  Hunger
a - Magic Dart            Conj           ####         1%          1    None
b - Call Imp              Summ           #####...     1%          2    None
c - Blink                 Tloc           N/A          1%          2    None
d - Mephitic Cloud        Conj/Pois/Air  #####...     1%          3    None

Your spell library contained the following spells:

 Spells                   Type           Power        Failure   Level  Hunger
 Conjure Flame            Conj/Fire      ####....     3%          3    None
 Dazzling Flash           Conj/Hex       ####..       3%          3    None
 Corona                   Hex            #......      5%          1    None
 Ensorcelled Hibernation  Hex/Ice        #.....       9%          2    None
 Slow                     Hex            #.......     9%          2    None
 Confusing Touch          Hex            #.......     16%         3    None
 Tukima's Dance           Hex            #.......     16%         3    None


Dungeon Overview and Level Annotations

Branches:
Dungeon (10/15)            Temple (1/1) D:7             Orc (1/2) D:10
   Lair: D:8-11

Altars:
Ashenzari
Cheibriados
Elyvilon
Fedhas
Gozag
Hepliaklqana
Kikubaaqudgha
Makhleb
Nemelex Xobeh
Okawaru
Qazlal
Ru
Sif Muna
Trog
Uskayaw
Vehumet
Wu Jian
Xom
Yredelemnul
Zin
The Shining One
Beogh
Lugonu

Shops:
D:5 %   D:7 *

Annotations:
D:8 Harold


Innate Abilities, Weirdness & Mutations

You cannot wear most types of armour.
You are very stealthy in the water. (Stealth+)
You are amphibious.
You can wear up to eight rings at the same time.
You can use your tentacles to constrict eight enemies at once.
Your skin changes colour to match your surroundings (Stealth+).
Your rubbery body absorbs attacks. (AC +1, EV +1)


Message History

* * * LOW HITPOINT WARNING * * *
The iceblast engulfs the warg!
The warg is moderately wounded.
The iceblast engulfs the orc warrior!!
The orc warrior is almost dead.
The warg bites you.
* * * LOW HITPOINT WARNING * * *
The orc warrior is engulfed in noxious fumes. x2
The orc warrior appears confused.
Unknown command.
The warg completely misses you.
Unknown command.
Evoke which item? (* to show all) (? for menu, Esc to quit)
Aiming: Iceblast
Press: ? - help, Shift-Dir - straight line The mass of ice explodes!
The iceblast engulfs the orc priest!
You kill the orc priest!
Sif Muna accepts your kill. The warg bites you!
You die...

#.#.#....................
######....)..............
##....................
#...#.................
##..#.....)###........
#.......#[.##○○......
##..........)........
##..........o........
#...#.#...@h.#......#..
##.####................
### #.................
##..#....#......#)#
#...##....#......#
#...###..####..)##.
##.#.#...#.#...)).#
#.....#.......#
##.#.##....#o##


You could see a warg and an orc warrior (confused).

Vanquished Creatures
  Pikel (D:9)
  Joseph (D:10)
  Maggie (D:10)
  A troll (D:10)
  2 hippogriffs
  A spriggan (D:9)
  A vampire (D:9)
  A wyvern (D:10)
  A hungry ghost (D:9)
  2 porcupines (D:8)
  3 orc warriors
  3 slaves (D:9)
  7 phantoms
  2 ice beasts (D:9)
  2 sky beasts
  A necrophage (D:10)
  8 ogres
  3 centaurs
  4 bullfrogs
  A wyvern zombie (D:6)
  A scorpion (D:10)
  A killer bee (D:7)
  4 wights (D:10)
  2 crimson imps (D:6)
  A bullfrog zombie (D:10)
  A quasit (D:9)
  4 hounds
  6 orc wizards
  2 jellies
  5 orc priests
  2 bullfrog skeletons (D:6)
  2 iguanas (D:9)
  4 worker ants
  Terence (D:2)
  A hound skeleton (D:6)
  4 gnolls (D:5)
  16 adders
  2 river rats
  2 shadow imps
  2 oozes
  An adder zombie (D:5)
  2 adder skeletons
  2 worms
  3 dart slugs
  4 leopard geckos
  23 orcs
  4 bats
  9 giant cockroaches
  5 goblins
  6 hobgoblins
  21 jackals
  3 quokkas
  A ball python (D:3)
  3 frilled lizards
  A jackal zombie (D:9)
  6 kobolds
  A quokka skeleton (D:4)
  4 rats
208 creatures vanquished.

Vanquished Creatures (collateral kills)
  A hungry ghost (D:7)
  An adder skeleton (D:10)
  An orc (D:10)
3 creatures vanquished.

Vanquished Creatures (others)
  An ogre (D:7)
  A big kobold (D:7)
  A worker ant (D:7)
3 creatures vanquished.

Grand Total: 214 creatures vanquished

Notes
Turn   | Place    | Note
-------+----------+-------------------------------------------
     0 | D:1      | Hasart the Octopode Wizard began the quest for the Orb.
     0 | D:1      | Reached XP level 1. HP: 11/11 MP: 4/4
    96 | D:1      | Reached XP level 2. HP: 12/17 MP: 0/6
   689 | D:1      | Reached skill level 2 in Conjurations
   823 | D:1      | Reached XP level 3. HP: 21/21 MP: 4/7
  1541 | D:2      | Learned a level 2 spell: Call Imp
  1544 | D:2      | Learned a level 2 spell: Blink
  1957 | D:2      | Noticed Terence
  1998 | D:2      | HP: 1/21 [Terence/+0 mace (6)]
  2000 | D:2      | Killed Terence
  2000 | D:2      | Reached XP level 4. HP: 1/27 MP: 1/9
  2777 | D:3      | Reached skill level 3 in Conjurations
  2826 | D:3      | Learned a level 3 spell: Mephitic Cloud
  2865 | D:3      | Found a burning altar of Makhleb.
  2943 | D:3      | Reached XP level 5. HP: 31/31 MP: 6/10
  4340 | D:4      | Noticed a phantom
  4748 | D:4      | Reached skill level 1 in Air Magic
  4748 | D:4      | Reached skill level 1 in Poison Magic
  4748 | D:4      | Reached XP level 6. HP: 16/36 MP: 1/11
  5009 | D:5      | Entered Level 5 of the Dungeon
  5811 | D:5      | Found Laopa's Food Emporium.
  5880 | D:5      | Found a glowing silver altar of Zin.
  5919 | D:5      | Reached skill level 4 in Conjurations
  6489 | D:6      | Noticed a sky beast
  6514 | D:6      | Killed a sky beast
  6514 | D:6      | Reached XP level 7. HP: 34/41 MP: 4/13
  7460 | D:6      | Found a snail-covered altar of Cheibriados.
  7538 | D:5      | Reached XP level 8. HP: 22/46 MP: 7/14
  8045 | D:6      | Reached skill level 5 in Conjurations
  9200 | D:7      | Found a shimmering altar of Xom.
  9261 | D:7      | Found Tonot's Assorted Antiques.
  9368 | D:7      | Bought an iron ring for 120 gold pieces
  9424 | D:7      | Reached skill level 6 in Conjurations
  9424 | D:7      | Reached XP level 9. HP: 51/51 MP: 9/16
  9516 | D:7      | Found a staircase to the Ecumenical Temple.
  9530 | Temple   | Entered the Ecumenical Temple
  9593 | Temple   | Became a worshipper of Sif Muna the Loreminder
  9813 | D:8      | Noticed Harold
  9892 | D:8      | Noticed a death yak
  9913 | D:8      | Noticed a death yak
  9916 | D:8      | Noticed a death yak
 10083 | D:9      | Reached skill level 1 in Invocations
 10373 | D:9      | Reached skill level 5 in Dodging
 10373 | D:9      | Reached skill level 5 in Spellcasting
 10711 | D:7      | Bought a wand of iceblast (5) for 96 gold pieces
 10711 | D:7      | Bought a bronze wand for 96 gold pieces
 10795 | D:9      | Reached skill level 1 in Evocations
 11306 | D:9      | Reached * piety under Sif Muna
 11536 | D:9      | Reached skill level 7 in Conjurations
 11632 | D:9      | Found an ornate altar of the Wu Jian Council.
 11639 | D:9      | Noticed Pikel
 11659 | D:9      | Reached skill level 5 in Poison Magic
 11659 | D:9      | Reached XP level 10. HP: 56/56 MP: 1/18
 11753 | D:9      | Killed Pikel
 11991 | D:9      | Found an opulent altar of Gozag.
 11993 | D:9      | Found a hazy altar of Hepliaklqana.
 11995 | D:9      | Found a glowing golden altar of the Shining One.
 11995 | D:9      | Found an iron altar of Okawaru.
 11995 | D:9      | Found a sacrificial altar of Ru.
 11996 | D:9      | Found a shattered altar of Ashenzari.
 11999 | D:9      | Found a stormy altar of Qazlal.
 12000 | D:9      | Found a basalt altar of Yredelemnul.
 12112 | D:10     | Entered Level 10 of the Dungeon
 12112 | D:10     | Noticed Maggie
 13130 | D:10     | Killed Maggie
 13131 | D:10     | Noticed a gargoyle
 13516 | D:10     | Found a staircase to the Orcish Mines.
 13580 | D:10     | Noticed Joseph
 13653 | D:10     | Killed Joseph
 13653 | D:10     | Reached skill level 5 in Summonings
 14054 | D:10     | Reached skill level 5 in Translocations
 14457 | Orc:1    | Entered Level 1 of the Orcish Mines
 14512 | D:10     | Reached skill level 5 in Air Magic
 14603 | Orc:1    | Found a roughly hewn altar of Beogh.
 14790 | Orc:1    | Reached ** piety under Sif Muna
 14790 | Orc:1    | Reached skill level 8 in Conjurations
 14901 | Orc:1    | Found a roughly hewn altar of Beogh.
 15142 | Orc:1    | Slain by a warg

Illustrated notes

Levels and vault maps discovered:
D:1:      dpeg_arrival_line_fractal, layout_rooms
D:2:      layout_basic, uniq_terence
D:3:      layout_basic, lemuel_crystal_altar, grunt_ministairs_10
D:4:      layout_cave_pods, first_ration, supply_closet_lemuel
D:5:      layout_basic, kennysheep_little_box, serial_shops, shop,
          kennysheep_small_square
D:6:      layout_loops_ring, overflow_temple_1_default, gup_sewer_entry_spiral
D:7:      layout_rooms, xom_confusion_cloud, minmay_temple_entry_wispy,
          serial_shops, shop
D:8:      layout_basic, nicolae_dithmenos_through_a_glass_darkly,
          dpeg_lair_monsters, uniq_harold
D:9:      kennysheep_blocky_room, layout_loops_ring, kennysheep_mini,
          minitemple, the_bakery, uniq_pikel
D:10:     layout_cross, orc_0_dummy, uniq_joseph, uniq_maggie
Temple:   corrupted_temple
Orc:1:    layout_caves, basic_altar, library_closet, mines1_david

Skill      XL: |  1  2  3  4  5  6  7  8  9 10 |
---------------+-------------------------------+-----
Conjurations   | 2 3 4 6 7 8 |  8.0
Dodging        | 3 4 5 |  5.9
Air Magic      | 1 2 3 4 5 |  5.0
Poison Magic   | 1 2 3 5 |  5.9
Summonings     | 2 3 4 5 |  5.0
Translocations | 2 3 4 5 |  5.0
Spellcasting   | 4 5 |  5.8
Invocations    | 2 3 |  3.6
Evocations     | 2 4 |  4.8
Stealth        | |  2.6

Action                   |  1- 3 |  4- 6 |  7- 9 | 10-12 || total
-------------------------+-------+-------+-------+-------++-------
Melee: Unarmed           |    10 |       |       |       ||    10
       Tentacles         |     5 |     8 |     5 |    10 ||    28
       Short sword       |    30 |    65 |    45 |       ||   140
       Constrict         |     6 |    14 |    13 |    14 ||    47
       Rapier            |       |       |       |    43 ||    43
       Morningstar       |       |       |       |    13 ||    13
 Cast: Magic Dart        |    72 |   148 |   362 |   232 ||   814
       Call Imp          |     3 |     6 |    11 |    16 ||    36
       Mephitic Cloud    |       |     6 |    10 |    21 ||    37
       Blink             |       |     1 |       |       ||     1
Evoke: Wand              |       |       |     3 |     2 ||     5
  Use: Potion            |       |     2 |     1 |     1 ||     4
       Scroll            |       |       |     2 |       ||     2
 Stab: Confused          |       |     5 |     1 |     1 ||     7
       Sleeping          |       |       |     2 |     1 ||     3
  Eat: Ration            |     1 |     1 |     1 |     2 ||     5
       Chunk             |       |    10 |    13 |     4 ||    27
Armor: Skin              |     3 |     6 |     5 |     2 ||    16
Dodge: Dodged            |    33 |    64 |   121 |   116 ||   334

Table legend:
 A = Non-vault XP
 B = Vault XP
 C = Vault XP percentage of total XP
 D = Non-vault monster count
 E = Vault monster count
 F = Vault count percentage of total count
                 A         B        C        D         E       F
            +---------+---------+-------+---------+---------+-------
      Total |    6256 |    2757 |  30.6 |     177 |      31 |  14.9
            +---------+---------+-------+---------+---------+-------
        D:1 |      50 |       0 |   0.0 |      24 |       0 |   0.0
        D:2 |      21 |      26 |  55.3 |       9 |       1 |  10.0
        D:3 |     146 |       5 |   3.3 |      24 |       2 |   7.7
        D:4 |     108 |       0 |   0.0 |      10 |       0 |   0.0
        D:5 |     257 |       0 |   0.0 |      18 |       0 |   0.0
        D:6 |    1026 |      62 |   5.7 |      25 |       7 |  21.9
        D:7 |     541 |     319 |  37.1 |      10 |       5 |  33.3
        D:8 |     120 |     300 |  71.4 |       4 |       4 |  50.0
        D:9 |    1547 |    1306 |  45.8 |      17 |      10 |  37.0
       D:10 |    1843 |     739 |  28.6 |      19 |       2 |   9.5
      Orc:1 |     597 |       0 |   0.0 |      17 |       0 |   0.0
            +---------+---------+-------+---------+---------+-------
